 Dungeon Crawl Stone Soup version 0.22-a0-553-g9358b0b (webtiles) character file.

168908 inc the Warrior (level 17, -6/127 HPs)
             Began as an Octopode Fire Elementalist on June 25, 2018.
             Was an Initiate of Gozag.
             Mangled by a salamander
             ... wielding a +0 halberd
              (7 damage)
             ... on level 3 of the Snake Pit.
             The game lasted 02:18:01 (48824 turns).

inc the Warrior (Octopode Fire Elementalist)       Turns: 48824, Time: 02:18:01

Health: -6/127     AC:  7    Str:  8    XL:     17   Next: 95%
Magic:  5/43       EV: 26    Int: 38    God:    Gozag
Gold:   3375       SH:  6    Dex: 22    Spells: 12/43 levels left

rFire    + . .     SeeInvis .   e - +10 war axe "Veut" {chop, *Contam Int+6 Dex+7}
rCold    . . .     Gourm    .   y - +0 buckler of the Sky {rC+}
rNeg     . . .     Faith    .   (helmet restricted)
rPois    +         Spirit   .   O - amulet of Baoruami {+Rage +Inv rF- Int+9}
rElec    .         Reflect  .   u - ring of magical power
rCorr    +         Harm     .   P - ring of fire
MR       +....     Clarity  +   F - +6 ring of protection
Stlth    ++++......             A - ring of fire
HPRegen  0.31/turn              w - ring of ice
MPRegen  0.28/turn              Z - ring of resist corrosion
                                h - ring of protection from fire
                                T - ring of poison resistance

@: gold aura
A: almost no armour, stealthy swim, amphibious, 8 rings, constrict 8, camouflage
1, agile 1, clarity, gelatinous body 1, MP-powered wands
a: Potion Petition, Call Merchant, Bribe Branch, Renounce Religion, Evoke
Berserk Rage, Evoke Invisibility


You were on level 3 of the Snake Pit.
You worshipped Gozag.
Gozag was most pleased with you.
You were full.

You visited 6 branches of the dungeon, and saw 29 of its levels.
You also visited: Volcano.

You collected 11205 gold pieces.
You spent 3578 gold pieces at shops.
You paid 4252 gold pieces to Gozag.

Inventory:

Hand Weapons
 e - the +10 war axe "Veut" (weapon) {chop, *Contam Int+6 Dex+7}
   (You bought it in a shop on level 2 of the Orcish Mines)

   It inflicts extra damage upon your enemies.
   It affects your intelligence (+6).
   It affects your dexterity (+7).
   It causes magical contamination when unequipped.
 t - the +0 spear of Duty {vamp, rN++ MR+}
   (You found it on level 6 of the Lair of Beasts)

   It inflicts no extra harm, but heals its wielder when it wounds a living foe.
   It greatly protects you from negative energy.
   It affects your resistance to hostile enchantments.
 B - the +2 hand axe "Yrphe Ups" {drain, rElec Str+3}
   (You found it on level 4 of the Lair of Beasts)

   A truly terrible weapon, it drains the life of those it strikes.
   It affects your strength (+3).
   It insulates you from electricity.
 Q - a +4 dagger of electrocution
Armour
 l - a +0 shield
 y - the +0 buckler of the Sky (worn) {rC+}
   (You found it on level 2 of the Lair of Beasts)

   It protects you from cold.
Magical Staves
 m - an uncursed staff of cold
 C - an uncursed staff of conjuration
Jewellery
 h - a ring of protection from fire (on tentacle)
 p - an uncursed ring of see invisible
 u - a ring of magical power (left tentacle)
 v - an uncursed amulet of the gourmand
 w - a ring of ice (on tentacle)
 A - a ring of fire (on tentacle)
 F - a +6 ring of protection (on tentacle)
 G - an uncursed amulet of regeneration
 O - the amulet of Baoruami (around mantle) {+Rage +Inv rF- Int+9}
   (You bought it in a shop on level 8 of the Dungeon)

   [amulet of rage]

   It affects your intelligence (+9).
   It makes you vulnerable to fire.
   It lets you turn invisible.
   It lets you go berserk.
 P - a ring of fire (right tentacle)
 S - an uncursed ring of wizardry
 T - a ring of poison resistance (on tentacle)
 W - an uncursed ring of fire
 X - an uncursed ring of stealth
 Z - a ring of resist corrosion (on tentacle)
Wands
 j - a wand of digging (6)
Scrolls
 d - 9 scrolls of remove curse
 k - a scroll of identify
 o - 6 scrolls of immolation
 r - 3 scrolls of enchant armour
 s - a scroll of fog
 x - 9 scrolls of teleportation
 z - 7 scrolls of amnesia
 D - a scroll of fear
 E - 4 scrolls of blinking
 N - 4 scrolls of magic mapping
 U - 3 scrolls of enchant weapon
 V - 2 scrolls of vulnerability
Potions
 a - 4 potions of might
 b - 2 potions of berserk rage
 f - 17 potions of curing
 g - 3 potions of agility
 i - 5 potions of flight
 n - 3 potions of brilliance
 q - 6 potions of haste
 H - 4 potions of magic
 J - 2 potions of resistance
 K - a potion of mutation
 M - a potion of ambrosia
 R - 5 potions of lignification
 Y - 11 potions of heal wounds
Comestibles
 c - 9 rations


   Skills:
 - Level 15.2 Fighting
 - Level 13.1 Dodging
 - Level 2.6 Stealth
 - Level 4.0 Shields
 - Level 13.5 Spellcasting
 - Level 10.6 Conjurations
 + Level 8.3 Transmutations
 - Level 10.6 Fire Magic
 - Level 10.9 Earth Magic


You had 12 spell levels left.
You knew the following spells:

 Your Spells              Type           Power        Failure   Level  Hunger
a - Flame Tongue          Conj/Fire      #####        1%          1    None
b - Sticky Flame          Conj/Fire      ########     1%          4    None
c - Fireball              Conj/Fire      ########..   1%          5    None
d - Bolt of Magma         Conj/Fire/Erth ########..   1%          5    None
e - Summon Butterflies    Summ           ####....     1%          1    None
f - Regeneration          Chrm/Necr      ####......   4%          3    None
g - Iron Shot             Conj/Erth      #######...   2%          6    ##.....
h - Statue Form           Tmut/Erth      #######..    4%          6    ##.....

Your spell library contained the following spells:

 Spells                   Type           Power        Failure   Level  Hunger
 Magic Dart               Conj           ####         1%          1    None
 Apportation              Tloc           ####..       1%          1    None
 Conjure Flame            Conj/Fire      ########     1%          3    None
 Confuse                  Hex            ####....     4%          3    None
 Invisibility             Hex            ####....     91%         6    ##.....
 Throw Flame              Conj/Fire      ######       1%          2    None
 Throw Frost              Conj/Ice       ######       1%          2    None
 Summon Small Mammal      Summ           ####         1%          1    None
 Bolt of Draining         Conj/Necr      ######....   4%          5    None
 Iskenderun's Mystic Bla  Conj           #######.     1%          4    None
 Animate Dead             Necr           N/A          14%         4    None
 Pain                     Necr           ####         1%          1    None
 Animate Skeleton         Necr           N/A          1%          1    None
 Vampiric Draining        Necr           ####......   4%          3    None
 Freeze                   Ice            ####         1%          1    None
 Summon Ice Beast         Ice/Summ       #####...     14%         4    None
 Ozocubu's Armour         Chrm/Ice       #####...     4%          3    None
 Call Imp                 Summ           ####....     2%          2    None
 Dispel Undead            Necr           ####....     36%         5    None
 Sublimation of Blood     Necr           ####......   2%          2    None
 Tukima's Dance           Hex            ####....     4%          3    None
 Corpse Rot               Necr           N/A          2%          2    None
 Stone Arrow              Conj/Erth      ######       1%          3    None
 Agony                    Necr           ####....     36%         5    None
 Throw Icicle             Conj/Ice       #######.     1%          4    None
 Confusing Touch          Hex            ####..       1%          1    None
 Passwall                 Tmut/Erth      #######.     1%          2    None
 Call Canine Familiar     Summ           ####....     4%          3    None
 Metabolic Englaciation   Hex/Ice        #####.....   36%         5    None
 Shatter                  Erth           #######...   100%        9    #######
 Alistair's Intoxication  Tmut/Pois      ######..     7%          5    None
 Lee's Rapid Deconstruct  Erth           #######...   1%          5    None
 Sandblast                Erth           ######       0%          1    None
 Excruciating Wounds      Chrm/Necr      ####......   36%         5    None
 Petrify                  Tmut/Erth      #######.     1%          4    None
 Leda's Liquefaction      Hex/Erth       ######....   1%          4    None
 Inner Flame              Hex/Fire       #######.     1%          3    None
 Fulminant Prism          Conj/Hex       ######....   1%          4    None
 Dazzling Spray           Conj/Hex       ######       1%          3    None
 Force Lance              Conj/Tloc      ######..     1%          4    None
 Searing Ray              Conj           ######       1%          2    None
 Summon Lightning Spire   Summ/Air       ####....     14%         4    None
 Summon Guardian Golem    Hex/Summ       ####....     4%          3    None
 Gell's Gravitas          Tloc           ####......   4%          3    None
 Yara's Violent Unravell  Hex/Tmut       ######....   7%          5    None
 Lesser Beckoning         Tloc           ####......   4%          3    None


Dungeon Overview and Level Annotations

Branches:
Dungeon (13/15)            Temple (1/1) D:6            Lair (6/6) D:10
  Swamp (4/4) Lair:3        Snake (3/4) Lair:4        Slime (0/5) Lair:5
    Orc (2/2) D:12            Elf (0/3) Orc:2        Vaults (0/5) D:13

Altars:
Ashenzari
Cheibriados
Dithmenos
Elyvilon
Fedhas
Gozag
Hepliaklqana
Kikubaaqudgha
Makhleb
Nemelex Xobeh
Okawaru
Qazlal
Ru
Sif Muna
Trog
Uskayaw
Vehumet
Wu Jian
Xom
Yredelemnul
Zin
The Shining One
Jiyva

Shops:
D:8 =   D:12 =   Orc:2 *(::*((?

Annotations:
D:7 1 runed door, Verendum's ghost, novice FoFi
Swamp:4 Mara
Orc:2 3 runed doors, Bifoe's ghost, journeyman DsVM


Innate Abilities, Weirdness & Mutations

You cannot wear most types of armour.
You are very stealthy in the water. (Stealth+)
You are amphibious.
You can wear up to eight rings at the same time.
You can use your tentacles to constrict eight enemies at once.
Your skin changes colour to match your surroundings (Stealth+).
Your rubbery body absorbs attacks. (AC +1, EV +1)
You are agile. (Dex +2)
You possess an exceptional clarity of mind.
You expend magic power (3 MP) to strengthen your wands.


Message History

You are engulfed in flames.
You resist.
Casting: Iron Shot (safe; 2% risk of failure)
Confirm with . or Enter, or press ? or * to list all spells.
You don't have enough magic to cast that spell.
Unknown command.
The salamander hits you from afar with a halberd.
You are engulfed in flames!
You resist. The salamander hits you with a spear!
You are engulfed in flames!
You resist.
You slash the salamander! Your grab misses the salamander.
The salamander is almost dead.
The salamander hits you from afar with a halberd!
* * * LOW HITPOINT WARNING * * *
You are engulfed in flames!
You resist.
* * * LOW HITPOINT WARNING * * *
The salamander hits you but does no damage.
The salamander hits you from afar with a halberd!!
* * * LOW HITPOINT WARNING * * *
You are engulfed in flames!
You resist.
You die...
Your body crumbles into a pile of gold.

....###### .........#
.........# .. .......
.###### ...... .##...#
#...# .##...#
#####.N$###### . #...#
........N....# #...#
........@....# ##...#
.............#
##....###########....##
.......##########.....#
......................#
......................#
..................###)###
.................##.....##
................##.......##


You could see 2 salamanders.

Vanquished Creatures
  4 thorn hunters
  2 nagarajas
  Donald (Swamp:2)
  Aizul (Snake:3)
  Louise (Swamp:2)
  The ghost of Goofits the Unseen, a journeyman HaGl of Dithmenos (Lair:5)
  Fannar (D:10)
  28 hydras
  3 naga warriors
  The ghost of Uttalud the Grappler, a novice TrBe of Trog (Lair:1)
  2 ghost crabs (Swamp:4)
  A death knight (D:13)
  A centaur warrior (Orc:2)
  An anaconda (Snake:3)
  5 alligators
  3 death yaks (Lair:6)
  7 two-headed ogres
  An orc high priest (Orc:2)
  3 shock serpents
  5 naga sharpshooters
  A fire crab (Volcano)
  A skeletal warrior (D:13)
  4 salamander mystics (Snake:3)
  9 swamp dragons
  An unseen horror (D:10)
  2 phantasmal warriors
  A naga ritualist (Snake:2)
  A lindwurm (Lair:5)
  5 shambling mangroves
  Pikel (D:4)
  3 orc knights (Orc:2)
  2 necromancers
  3 ugly things (Swamp:4)
  A wolf spider (Lair:6)
  A cyclops (D:13)
  10 salamanders (Snake:3)
  2 mana vipers
  18 elephants
  2 orc sorcerers (Orc:2)
  23 black mambas
  A guardian serpent (Lair:6)
  7 naga magi
  Joseph (D:7)
  32 spiny frogs
  2 centaur skeletons
  A torpor snail (Lair:5)
  6 komodo dragons
  6 rime drakes
  2 ice devils (Lair:4)
  5 trolls
  10 tyrant leeches
  Grinder (D:5)
  A queen bee (Lair:2)
  3 raiju (Lair:6)
  17 hornets
  12 polar bears
  16 blink frogs
  9 bog bodies
  23 slime creatures
  19 hippogriffs
  Sigmund (D:4)
  7 spriggans
  A wraith (D:10)
  32 yaks
  2 redbacks (Lair:6)
  16 wyverns
  14 basilisks
  26 vampire mosquitoes
  25 nagas
  15 swamp worms
  7 insubstantial wisps (Swamp:1)
  11 wargs
  21 water moccasins
  6 porcupines
  13 hell hounds
  11 black bears (Lair:6)
  7 ice beasts
  7 swamp drakes
  32 orc warriors
  3 phantoms
  4 slaves
  A necrophage (D:12)
  A sky beast (D:5)
  21 wolves
  14 centaurs
  9 ogres
  11 crocodiles
  A big kobold (D:11)
  A wyvern zombie (D:8)
  15 bullfrogs
  2 wyvern skeletons
  5 scorpions
  31 killer bees
  A howler monkey (D:5)
  7 wights
  6 electric eels
  4 crimson imps
  A centaur zombie (D:9)
  3 quasits (D:8)
  8 jellies
  5 hounds
  12 orc priests
  A gnoll shaman (Orc:1)
  Ijyb (D:4)
  4 bullfrog skeletons
  Jessica (D:2)
  4 iguanas
  11 worker ants
  Natasha (thrice) (D:2)
  21 orc wizards
  A yak simulacrum (Lair:6)
  3 hell rats (D:10)
  3 polar bear simulacra (Lair:6)
  3 wolf simulacra (Lair:6)
  A howler monkey zombie (D:8)
  Robin (D:2)
  7 gnolls
  12 adders
  2 oozes
  An adder zombie (D:6)
  3 worms
  A dart slug (D:1)
  6 leopard geckos
  74 orcs
  3 ball pythons
  10 giant cockroaches
  20 goblins
  8 hobgoblins
  16 jackals
  5 quokkas
  5 bats
  4 frilled lizards
  A jackal skeleton (D:5)
  12 kobolds
  10 rats
  4 river rat simulacra (Lair:6)
  4 fungi
  4 plants (Lair:6)
1027 creatures vanquished.

Vanquished Creatures (others)
  3 bushes (Lair:1)
  25 fungi
  31 plants
59 creatures vanquished.

Grand Total: 1086 creatures vanquished

Notes
Turn   | Place    | Note
-------+----------+-------------------------------------------
     0 | D:1      | inc the Octopode Fire Elementalist began the quest for the Orb.
     0 | D:1      | Reached XP level 1. HP: 11/11 MP: 3/3
   290 | D:1      | Reached XP level 2. HP: 8/17 MP: 0/5
   879 | D:1      | Reached XP level 3. HP: 9/21 MP: 1/6
  1767 | D:2      | Noticed Robin
  1773 | D:2      | Killed Robin
  1773 | D:2      | Reached XP level 4. HP: 27/27 MP: 3/7
  1773 | D:2      | Noticed Jessica
  1784 | D:2      | Killed Jessica
  1910 | D:2      | Found a shadowy altar of Dithmenos.
  1982 | D:2      | Noticed Natasha
  2062 | D:2      | Killed Natasha
  2062 | D:2      | Reached XP level 5. HP: 20/31 MP: 3/8
  2377 | D:2      | Noticed Natasha
  2386 | D:2      | Killed Natasha
  2711 | D:2      | Noticed Natasha
  2718 | D:2      | Killed Natasha
  3083 | D:3      | Found a white marble altar of Elyvilon.
  3193 | D:3      | Reached XP level 6. HP: 11/36 MP: 3/9
  3713 | D:3      | Learned a level 4 spell: Sticky Flame
  3765 | D:3      | Found a snail-covered altar of Cheibriados.
  4072 | D:5      | Entered Level 5 of the Dungeon
  4369 | D:4      | Reached skill level 5 in Conjurations
  4579 | D:4      | Noticed Sigmund
  4612 | D:4      | Reached skill level 5 in Fire Magic
  4620 | D:4      | Noticed Ijyb
  4627 | D:4      | Killed Ijyb
  4756 | D:4      | Reached XP level 7. HP: 35/41 MP: 5/10
  5043 | D:4      | Killed Sigmund
  5043 | D:4      | Reached skill level 2 in Fighting
  5226 | D:4      | Found a burning altar of Makhleb.
  5533 | D:4      | Reached skill level 3 in Fighting
  5785 | D:5      | Reached XP level 8. HP: 33/54 MP: 1/11
  6143 | D:5      | Noticed Pikel
  6364 | D:4      | Killed Pikel
  6364 | D:4      | Reached skill level 5 in Fighting
  6464 | D:5      | Reached skill level 5 in Dodging
  6535 | D:5      | Noticed Grinder
  6693 | D:5      | Reached XP level 9. HP: 44/62 MP: 4/12
  6795 | D:5      | Found a blossoming altar of Fedhas.
  6805 | D:5      | Reached skill level 6 in Fighting
  7734 | D:5      | Killed Grinder
  8020 | D:6      | Found an ornate altar of the Wu Jian Council.
  8079 | D:6      | Reached skill level 7 in Fighting
  8186 | D:6      | Found a glowing golden altar of the Shining One.
  8334 | D:6      | Found a staircase to the Ecumenical Temple.
  8358 | Temple   | Entered the Ecumenical Temple
  8531 | Temple   | Became a worshipper of Gozag Ym Sagoz the Greedy
  8902 | D:8      | Noticed a two-headed ogre
  9205 | D:7      | Found a runed door.
  9206 | D:7      | Noticed Verendum's ghost (novice FoFi)
  9698 | D:7      | Reached skill level 5 in Spellcasting
 10031 | D:7      | Noticed Joseph
 10074 | D:8      | Reached XP level 10. HP: 57/71 MP: 18/18
 10159 | D:8      | Found Miekleul's Jewellery Boutique.
 10264 | D:8      | Noticed a two-headed ogre
 10805 | D:7      | Killed Joseph
 11679 | D:9      | Noticed a two-headed ogre
 11935 | D:8      | Bought a +6 ring of protection for 858 gold pieces
 12047 | D:8      | Killed a two-headed ogre
 12098 | D:8      | Found a shattered altar of Ashenzari.
 12330 | D:9      | Killed a two-headed ogre
 12655 | D:9      | Found a sparkling altar of Nemelex Xobeh.
 13284 | D:10     | Entered Level 10 of the Dungeon
 13284 | D:10     | Found a staircase to the Lair.
 13284 | D:10     | Noticed a death yak
 13284 | D:10     | Noticed a death yak
 13284 | D:10     | Noticed a death yak
 13334 | D:10     | Reached XP level 11. HP: 75/75 MP: 22/22
 13507 | D:10     | Noticed Fannar
 13522 | D:10     | Killed Fannar
 13730 | D:10     | Noticed an unseen horror
 13733 | D:10     | Killed an unseen horror
 13804 | D:10     | Learned a level 5 spell: Fireball
 14023 | D:10     | Noticed a two-headed ogre
 14047 | D:10     | Killed a two-headed ogre
 14767 | D:11     | Got a brightly glowing trident
 14768 | D:11     | Identified the +1 trident of Overwhelming Force {flame, rN+ Dex+5} (You found it on level 11 of the Dungeon)
 14852 | D:11     | Noticed an eight-headed hydra
 14916 | Lair:1   | Entered Level 1 of the Lair of Beasts
 16002 | D:12     | Reached skill level 10 in Conjurations
 16008 | D:12     | Reached skill level 10 in Fire Magic
 16233 | D:11     | Reached XP level 12. HP: 65/81 MP: 23/23
 16738 | D:12     | Found a staircase to the Orcish Mines.
 17069 | D:8      | Killed a two-headed ogre
 17149 | D:8      | Bought the amulet of Baoruami {+Rage +Inv rF- Int+9} for 724 gold pieces
 17179 | D:9      | Learned a level 1 spell: Summon Butterflies
 17183 | D:9      | Learned a level 3 spell: Regeneration
 17266 | D:13     | Noticed a death knight
 17426 | Orc:1    | Entered Level 1 of the Orcish Mines
 17426 | Orc:1    | Found a bloodstained altar of Trog.
 18912 | Orc:2    | Entered Level 2 of the Orcish Mines
 18914 | Orc:2    | Found a staircase to the Elven Halls.
 18925 | Orc:2    | Noticed a two-headed ogre
 18949 | Orc:1    | Killed a two-headed ogre
 20042 | Orc:2    | Reached skill level 10 in Spellcasting
 21165 | Orc:2    | Noticed a centaur warrior
 21712 | D:13     | Reached skill level 8 in Fighting
 21988 | D:12     | Bought an uncursed ring of fire for 350 gold pieces
 22152 | D:13     | Found a radiant altar of Vehumet.
 22215 | D:13     | Reached XP level 13. HP: 90/90 MP: 24/27
 22217 | D:13     | Reached skill level 9 in Fighting
 22554 | D:13     | Reached skill level 10 in Fighting
 22679 | D:13     | Found a gate to the Vaults.
 23262 | Lair:1   | Got a crude arbalest
 23263 | Lair:1   | Identified the +11 arbalest "Oriulya" {penet, Fragile rF+ SInv} (You found it on level 1 of the Lair of Beasts)
 23323 | Lair:1   | Found a transporter.
 23334 | Lair:1   | Noticed Uttalud's ghost (novice TrBe)
 23349 | Lair:1   | Found a transporter.
 23406 | Lair:1   | Killed Uttalud's ghost
 25445 | Lair:2   | Got a brightly glowing buckler
 25457 | Lair:2   | Identified the +0 buckler of the Sky {rC+} (You found it on level 2 of the Lair of Beasts)
 25721 | Lair:2   | Learned a level 5 spell: Bolt of Magma
 25786 | Lair:2   | Reached XP level 14. HP: 99/99 MP: 24/31
 26931 | Lair:3   | Reached skill level 1 in Shields
 27468 | Lair:3   | Found a dark tunnel.
 27478 | Volcano  | Entered a volcano
 27668 | Lair:3   | Found a staircase to the Swamp.
 27937 | Lair:4   | Found a staircase to the Snake Pit.
 28343 | Lair:4   | Got a warped hand axe
 28344 | Lair:4   | Identified the +2 hand axe "Yrphe Ups" {drain, rElec Str+3} (You found it on level 4 of the Lair of Beasts)
 28556 | Lair:4   | Reached skill level 11 in Fighting
 29908 | Lair:5   | Found a runed door.
 29908 | Lair:5   | Noticed Goofits's ghost (journeyman HaGl)
 29925 | Lair:5   | Killed Goofits's ghost
 30306 | Lair:5   | Found a runed door.
 30308 | Lair:5   | Found a viscous altar of Jiyva.
 30310 | Lair:5   | Found a staircase to the Slime Pits.
 30962 | Lair:6   | Entered Level 6 of the Lair of Beasts
 30976 | Lair:6   | Reached skill level 12 in Fighting
 31181 | Lair:6   | Reached XP level 15. HP: 108/108 MP: 30/32
 31591 | Lair:6   | Reached skill level 10 in Dodging
 32411 | Lair:6   | Reached skill level 13 in Fighting
 34321 | Lair:6   | Got a faintly glowing spear
 34322 | Lair:6   | Identified the cursed +0 spear of Duty {vamp, rN++ MR+} (You found it on level 6 of the Lair of Beasts)
 36228 | Orc:2    | Found a runed gate.
 36228 | Orc:2    | Found a runed gate.
 36228 | Orc:2    | Found a runed gate.
 36245 | Orc:2    | Noticed Bifoe's ghost (journeyman DsVM)
 36250 | Orc:2    | Found an iron altar of Okawaru.
 36376 | Orc:2    | Found Plog's Weapon Emporium.
 36376 | Orc:2    | Found Buwomail's Weapon Boutique.
 36376 | Orc:2    | Found Fenal's Assorted Antiques.
 36379 | Orc:2    | Found Keukkupt's Magic Scroll Shoppe.
 36788 | Orc:2    | Bought the +10 war axe "Veut" {chop, *Contam Int+6 Dex+7} for 1426 gold pieces
 36975 | Swamp:1  | Entered Level 1 of the Swamp
 37381 | Swamp:1  | Noticed a thorn hunter
 37386 | Swamp:1  | Killed a thorn hunter
 37386 | Swamp:1  | Reached skill level 14 in Fighting
 37652 | Swamp:1  | Reached XP level 16. HP: 119/119 MP: 26/33
 38477 | Swamp:2  | Noticed Louise
 39220 | Swamp:2  | Noticed Donald
 39226 | Swamp:2  | Killed Donald
 39478 | Swamp:2  | Killed Louise
 40929 | Swamp:3  | Reached skill level 1 in Earth Magic
 41842 | Swamp:4  | Entered Level 4 of the Swamp
 41848 | Swamp:4  | Noticed a thorn hunter
 42064 | Swamp:3  | Reached skill level 5 in Earth Magic
 42679 | Swamp:4  | Killed a thorn hunter
 42809 | Swamp:4  | Learned a level 6 spell: Iron Shot
 43049 | Swamp:4  | Noticed a thorn hunter
 43055 | Swamp:4  | Killed a thorn hunter
 43298 | D:8      | Bought an uncursed ring of poison resistance for 220 gold pieces
 43808 | Swamp:4  | Noticed a thorn hunter
 43827 | Swamp:4  | Reached XP level 17. HP: 126/126 MP: 19/34
 44303 | Swamp:4  | Reached skill level 10 in Earth Magic
 45213 | Swamp:4  | Noticed Mara
 45415 | Snake:1  | Entered Level 1 of the Snake Pit
 45518 | Snake:1  | Reached skill level 15 in Fighting
 45857 | Snake:1  | Learned a level 6 spell: Statue Form
 45888 | Snake:1  | Reached skill level 1 in Transmutations
 47008 | Snake:2  | Reached skill level 5 in Transmutations
 47767 | Snake:3  | Gained mutation: You are agile. (Dex +2) [potion of mutation]
 47767 | Snake:3  | Gained mutation: You possess an exceptional clarity of mind. [potion of mutation]
 47767 | Snake:3  | Gained mutation: You expend magic power (3 MP) to strengthen your wands. [potion of mutation]
 48536 | Snake:3  | Noticed Aizul
 48543 | Snake:3  | Killed Aizul
 48824 | Snake:3  | HP: 1/127 [salamander/halberd (20)]
 48824 | Snake:3  | Mangled by a salamander

Vault maps used:
D:1:      sevenhm_arrival_forest_fort_large_4
D:2:      marbit_many_paths, first_ration, uniq_natasha, uniq_robin,
          uniq_jessica
D:3:      elyvilon_altar_3, lemuel_doored_altar
D:4:      minmay_misc_feat_iff, bloody_makhleb, uniq_sigmund, uniq_ijyb
D:5:      serial_bayou_pond_e, fedhas_altar_fruit_tree, uniq_pikel, uniq_grinder
D:6:      old_standard_altar, temple_pool_b, st_stairs_8,
          nicolae_tso_swordbearing_angel
D:7:      ebering_ghost_reflecting_pool, uniq_joseph
D:8:      ashenzari_altar_1, serial_shops, kennysheep_mini, grunt_ogre_cave
D:9:      lemuel_crystal_altar
D:10:     dpeg_lair_monsters, uniq_fannar
D:12:     orc_0_dummy, serial_bayou_ford_a
D:13:     david_vaults_1, basic_altar
Temple:   eino_temple_rhombus
Lair:1:   gammafunk_ghost_arena, wad_woods_06, infiniplex_staircase_pool
Lair:2:   regret_index_tunnel_blossom, serial_bayou_shore_a, lemuel_fruit_fields
Lair:3:   nicolae_swamp_entry_splash_gauntlet, lightli_volcano_entry_magma_tube,
          lemuel_fruit_tree, grunt_megastairs_3, lemuel_fruit_fields,
          lemuel_fruit_fields
Lair:4:   minmay_snake_entry_guardpost_small, special_room,
          portal_ice_cave_demonic_guard, grunt_megastairs_4
Lair:5:   slime_altar_2, ebering_ghost_inner_flame
Lair:6:   hangedman_lair_caniforms_friends, hangedman_lair_tendril_chambers,
          minivault_27, eino_house_with_fridge
Swamp:1:  evilmike_swamp_ruin_house_1
Swamp:2:  nicolae_swamp_very_dense_foliage, uniq_louise, uniq_donald
Swamp:3:  hangedman_swamp_lotus
Swamp:4:  swamp_basic_johnstein, uniq_mara
Snake:2:  special_room
Snake:3:  grunt_megastairs_2, uniq_aizul, uniq_jorgrun
Orc:1:    basic_altar, nooodl_orcs_dogs
Orc:2:    st_orc_rangers, gammafunk_ghost_fury_of_okawaru
Volcano:  volcano_pools

Skill      XL: |  1  2  3  4  5  6  7  8  9 10 11 12 13 14 15 16 17 |
---------------+----------------------------------------------------+-----
Conjurations   | 2 3 4 5 7 10 | 10.6
Fire Magic     | 4 5 7 10 | 10.6
Fighting       | 3 5 7 8 10 12 14 15 | 15.2
Dodging        | 3 5 6 9 12 13 | 13.1
Spellcasting   | 5 7 10 13 | 13.5
Shields        | 4 |  4.0
Earth Magic    | 8 10 | 10.9
Transmutations | 8 |  8.3
Stealth        | |  2.6

Action                   |  1- 3 |  4- 6 |  7- 9 | 10-12 | 13-15 | 16-18 || total
-------------------------+-------+-------+-------+-------+-------+-------++-------
Melee: Unarmed           |    10 |       |       |       |       |       ||    10
       Constrict         |    15 |    15 |     8 |     5 |     6 |     5 ||    54
       Tentacles         |     6 |     7 |     5 |     6 |     6 |     4 ||    34
       Hand axe          |    28 |     9 |       |       |       |       ||    37
       Short sword       |       |    53 |       |       |       |       ||    53
       Dagger            |       |     4 |    31 |    11 |       |       ||    46
       Staff             |       |       |       |     6 |    19 |       ||    25
       Spear             |       |       |       |       |     6 |       ||     6
       War axe           |       |       |       |       |     1 |    21 ||    22
 Cast: Flame Tongue      |    33 |    99 |   201 |   461 |   257 |    21 ||  1072
       Sticky Flame      |       |       |    18 |    77 |   119 |    22 ||   236
       Fireball          |       |       |       |    65 |   220 |   127 ||   412
       Summon Butterflie |       |       |       |     1 |       |       ||     1
       Bolt of Magma     |       |       |       |       |    96 |   210 ||   306
       Iron Shot         |       |       |       |       |       |    24 ||    24
       Regeneration      |       |       |       |       |       |     2 ||     2
Invok: Call Merchant     |       |       |       |     1 |     4 |       ||     5
  Use: Scroll            |       |     3 |    11 |     6 |    11 |     4 ||    35
       Potion            |       |     2 |       |     7 |     1 |     1 ||    11
 Stab: Sleeping          |     3 |    10 |     3 |     2 |       |       ||    18
       Distracted        |       |       |       |       |       |     1 ||     1
  Eat: Chunk             |     3 |    10 |     8 |       |       |       ||    21
       Ration            |       |       |     4 |    15 |    16 |    11 ||    46
Armor: Skin              |     5 |     1 |     3 |    45 |    43 |    11 ||   108
Dodge: Dodged            |    38 |    55 |    78 |   272 |   280 |   157 ||   880
Block: Buckler           |       |       |       |       |    43 |    44 ||    87

Table legend:
 A = Spawn XP
 B = Non-spawn XP
 C = Spawn XP percentage of total XP
 D = Spawn monster count
 E = Non-spawn monster count
 F = Spawn count percentage of total count
 G = Total turns spent on level
                    A         B        C        D         E        F      G
               +---------+---------+-------+---------+---------+-------+---------
         Total |       0 |  241298 |   0.0 |       0 |    1015 |   0.0 | 48824
               +---------+---------+-------+---------+---------+-------+---------
           D:1 |       0 |      46 |   0.0 |       0 |      27 |   0.0 |  1438
           D:2 |       0 |     227 |   0.0 |       0 |      37 |   0.0 |  1464
           D:3 |       0 |     129 |   0.0 |       0 |      28 |   0.0 |  1147
           D:4 |       0 |    1310 |   0.0 |       0 |      19 |   0.0 |  1627
           D:5 |       0 |    1351 |   0.0 |       0 |      29 |   0.0 |  2336
           D:6 |       0 |     435 |   0.0 |       0 |      13 |   0.0 |   626
           D:7 |       0 |    1876 |   0.0 |       0 |      43 |   0.0 |  2150
           D:8 |       0 |    2788 |   0.0 |       0 |      24 |   0.0 |  1502
           D:9 |       0 |    1941 |   0.0 |       0 |      17 |   0.0 |  1206
          D:10 |       0 |    3417 |   0.0 |       0 |      16 |   0.0 |  1653
          D:11 |       0 |    3933 |   0.0 |       0 |      23 |   0.0 |  1516
          D:12 |       0 |    5411 |   0.0 |       0 |      38 |   0.0 |  1745
          D:13 |       0 |    6809 |   0.0 |       0 |      16 |   0.0 |  1092
        Lair:1 |       0 |    8147 |   0.0 |       0 |      32 |   0.0 |  1721
        Lair:2 |       0 |   11471 |   0.0 |       0 |      64 |   0.0 |  1997
        Lair:3 |       0 |    3275 |   0.0 |       0 |      16 |   0.0 |  1558
        Lair:4 |       0 |   12356 |   0.0 |       0 |      42 |   0.0 |  1506
        Lair:5 |       0 |   10607 |   0.0 |       0 |      34 |   0.0 |  2313
        Lair:6 |       0 |   34320 |   0.0 |       0 |     135 |   0.0 |  3641
       Swamp:1 |       0 |    9386 |   0.0 |       0 |      26 |   0.0 |  1378
       Swamp:2 |       0 |   10434 |   0.0 |       0 |      27 |   0.0 |  1828
       Swamp:3 |       0 |   18451 |   0.0 |       0 |      49 |   0.0 |  3086
       Swamp:4 |       0 |   39648 |   0.0 |       0 |      68 |   0.0 |  1530
       Snake:1 |       0 |    7286 |   0.0 |       0 |      17 |   0.0 |   803
       Snake:2 |       0 |   12174 |   0.0 |       0 |      28 |   0.0 |  1286
       Snake:3 |       0 |   20009 |   0.0 |       0 |      32 |   0.0 |  1320
         Orc:1 |       0 |    3688 |   0.0 |       0 |      45 |   0.0 |  3861
         Orc:2 |       0 |    9590 |   0.0 |       0 |      69 |   0.0 |  1261
       Volcano |       0 |     783 |   0.0 |       0 |       1 |   0.0 |    43
               +---------+---------+-------+---------+---------+-------+---------
